AoeStats
← darador86

Baltic

510464865Analyzed
4v4 RM · 2d ago on Oct 1, 2026· 15m 57s· 8 players
Game mode
Random Map
Map size
Large (8 player)
Population
200
Speed
Normal
Resources
Standard
Victory
Conquest
Starting age
Dark Age
Ending age
Imperial Age
RankedLock teamsTeams togetherTeam positionsShared explorationLock speedFull tech treeHidden civsTurbo modeCheats
Victory
Defeat
🇲🇽 Burgundians · Mexico
924
+14
🇺🇸 Japanese · United States
915
+15
🇨🇳 Franks · China
819
+19
🇦🇷 Chinese · Argentina
661
+25
🇻🇪 Japanese · Venezuela
911
-20
🇺🇸 Vietnamese · United States
911
-20
🇲🇽 Saracens · Mexico
882
-18
🇪🇨 Italians · Ecuador
797
-15
Junior
4:06 Loom
11:12 Feudal Age
15:23 Wheelbarrow
Thorin escudo de Roble
Dryzar
7:36 Loom
10:18 Feudal Age
10:52 Double-Bit Axe
12:58 Wheelbarrow
12:17 Horse Collar
16:59 Castle Age
15:47 Stone Mining
isai.car.mtz
2:38 Loom
11:11 Feudal Age
13:59 Horse Collar
Urmajesty2911
0:30 Loom
10:10 Feudal Age
10:39 Double-Bit Axe
11:33 Wheelbarrow
12:04 Horse Collar
Pikapork
0:34 Loom
12:31 Feudal Age
12:20 Double-Bit Axe
18:07 Castle Age
16:21 Bow Saw
darador86
14:46 Feudal Age
15:12 Double-Bit Axe
Noob.
1:49 Loom
11:20 Feudal Age
12:56 Double-Bit Axe
14:43 Forging
14:31 Man-at-Arms
15:45 Scale Mail Armor
15:48 Arson
Connection lost

Rejoining the realm…

Still unreachable

The connection could not be restored.

Session expired

The server has moved on; the page needs a fresh start.